 Dungeon Crawl Stone Soup version 0.26-a0-259-g1effd001a9 (webtiles) character file.

Game seed: 8172900415344505609

132999 sanka the Spry (level 17, -1/127 HPs)
             Began as a Halfling Brigand on July 19, 2020.
             Was the Champion of Ru.
             Succumbed to a swamp dragon's poison gas
             ... on level 1 of the Swamp on July 21, 2020.
             The game lasted 01:42:48 (50387 turns).

sanka the Spry (Halfling Brigand)                  Turns: 50387, Time: 01:42:49

Health: -1/127     AC: 14    Str: 12    XL:     17   Next: 71%
Magic:  1/17       EV: 23    Int:  9    God:    Ru [******]
Gold:   1285       SH:  0    Dex: 21    Spells: 16/16 levels left

rFire    . . .     SeeInvis .   a - +2 scimitar (flame)
rCold    . . .     Faith    .   (shield unavailable)
rNeg     . . .     Spirit   +   C - +3 leather armour
rPois    .         Reflect  .   j - +0 helmet
rElec    .         Harm     .   U - +1 cloak
rCorr    .                      G - +1 pair of gloves
MR       +....                  l - +1 pair of boots
Stlth    ++........             I - amulet of guardian spirit
HPRegen  0.31/turn              (ring unavailable)
MPRegen  0.15/turn              V - +4 ring of slaying

@: lethally poisoned (-1 -> -28), exhausted, slowed, very heavily drained, very
slow
A: small, clumsy 1, mutation resistance 1, missing a hand, hated by all,
unskilled 1
a: Draw Out Power, Power Leap, Apocalypse, Renounce Religion


You were on level 1 of the Swamp.
You worshipped Ru.
Ru was exalted by your worship.
You were not hungry.

You visited 6 branches of the dungeon, and saw 26 of its levels.
You also visited: Ice Cave and Volcano.

You collected 3328 gold pieces.
You spent 2043 gold pieces at shops.


Innate Abilities, Weirdness & Mutations

You are small and have problems with some larger weapons.
You are clumsy. (Dex -2)
You are somewhat resistant to further mutation.
You are missing a hand.
You are hated by all.
You are somewhat unskilled. (-1 Apt)


   Skills:
 - Level 15.0(10.3) Fighting
 - Level 2.7(6.9) Short Blades
 - Level 13.9(9.4) Long Blades
 - Level 6.0(2.2) Throwing
 + Level 9.3(5.2) Armour
 - Level 15.0(10.3) Dodging
 - Level 5.0(1.3) Stealth


You had 16 spell levels left.
You didn't know any spells.
Your spell library contained the following spells:

 Spells                   Type           Power        Failure   Level
 Beastly Appendage        Tmut           #.....       45%         1
 Corona                   Hex            #......      45%         1
 Foxfire                  Conj/Fire      #...         45%         1
 Magic Dart               Conj           #...         45%         1
 Blink                    Tloc           N/A          61%         2
 Slow                     Hex            #.......     61%         2
 Conjure Flame            Conj/Fire      #.......     83%         3
 Inner Flame              Hex/Fire       #.......     83%         3
 Mephitic Cloud           Conj/Pois/Air  #.......     83%         3
 Spider Form              Tmut/Pois      #.........   83%         3
 Fulminant Prism          Conj/Hex       #.........   99%         4
 Ice Form                 Ice/Tmut       #.......     99%         4
 Sticky Flame             Conj/Fire      #.......     99%         4
 Blade Hands              Tmut           #.........   100%        5
 Excruciating Wounds      Chrm/Necr      #.........   100%        5
 Fireball                 Conj/Fire      #.........   100%        5
 Lightning Bolt           Conj/Air       #.........   100%        5
 Metabolic Englaciation   Hex/Ice        #.........   100%        5
 Yara's Violent Unravell  Hex/Tmut       #.........   100%        5
 Freezing Cloud           Conj/Ice/Air   #.........   100%        6
 Ozocubu's Refrigeration  Ice            #.........   100%        6
 Call Imp                 Summ           Unusable     N/A         2
 Sticks to Snakes         Tmut           Unusable     N/A         2
 Simulacrum               Ice/Necr       Unusable     N/A         6

Inventory:

Hand Weapons
 a - a +2 scimitar of flaming (weapon)
 b - a +5 dagger of holy wrath
Missiles
 d - 79 poisoned darts
 e - 7 curare-tipped darts {=f}
 m - a throwing net {=f}
 P - 32 boomerangs (quivered)
Armour
 j - a +0 helmet (worn)
 l - a +1 pair of boots (worn)
 C - a +3 leather armour (worn)
 G - a +1 pair of gloves (worn)
 U - a +1 cloak (worn)
Jewellery
 c - an uncursed ring of stealth
 s - an uncursed ring of fire
 y - an uncursed ring of protection from cold
 D - an uncursed ring of positive energy
 I - an amulet of guardian spirit (around neck)
 R - an uncursed ring of protection from magic
 V - a +4 ring of slaying (right hand)
Wands
 p - a wand of polymorph (8)
 M - a wand of paralysis (24)
 N - a wand of flame (11)
Scrolls
 g - 6 scrolls of remove curse
 h - 3 scrolls of immolation {!r}
 i - 3 scrolls of enchant armour
 k - 4 scrolls of magic mapping
 r - 11 scrolls of teleportation {@r4}
 v - 6 scrolls of amnesia
 z - 2 scrolls of enchant weapon
 L - 2 scrolls of fear
 Q - a scroll of brand weapon
 S - 2 scrolls of silence {!r}
 T - a scroll of blinking
Potions
 n - 5 potions of haste {@q3}
 o - 6 potions of curing {@q1}
 q - 4 potions of lignification {!q}
 t - 5 potions of stabbing
 u - 4 potions of magic
 x - 2 potions of berserk rage {!q}
 A - 5 potions of flight
 E - a potion of brilliance
 H - 8 potions of heal wounds {@q2}
 K - 2 potions of degeneration {!q}
 O - a potion of resistance
 W - 4 potions of might
 X - 4 potions of cancellation
 Y - a potion of mutation {!q}
Miscellaneous
 w - a phial of floods (inert)
Comestibles
 f - 46 rations

Dungeon Overview and Level Annotations

Branches:
Dungeon (15/15)            Temple (1/1) D:7            Lair (6/6) D:9
  Swamp (1/4) Lair:3       Spider (0/4) Lair:3        Slime (0/5) Lair:6
    Orc (2/2) D:11            Elf (0/3) Orc:2        Vaults (0/5) D:13
 Depths (1/5) D:15          IceCv (visited)         Volcano (visited)

Altars:
Ashenzari
Cheibriados
Dithmenos
Elyvilon
Fedhas
Gozag
Hepliaklqana
Kikubaaqudgha
Makhleb
Nemelex Xobeh
Okawaru
Qazlal
Ru
Sif Muna
Trog
Uskayaw
Vehumet
Wu Jian
Xom
Yredelemnul
Zin
The Shining One
Beogh
Jiyva

Shops:
D:4 **:   D:6 %   D:9 =%%::   Orc:2 !:(!

Annotations:
D:10 3 runed translucent doors, vogonpoet's ghost, novice DrTm
D:14 2 runed translucent doors, Otoukem's ghost, journeyman MiBe
Lair:6 1 runed translucent door

♣♣♣♣♣♣ ♣.≈.≈♣♣♣
♣......♣♣
♣♣......♣♣ ≈
♣..≈...D.♣♣
.≈≈♣.≈..≈≈..p♣
..≈≈f≈...≈p♣♣p♣
....≈≈≈.≈♣♣♣ ≈♣
≈≈≈≈≈..♣♣♣ ..
≈≈≈...≈ ≈≈
≈≈≈.♣.. ≈≈ ≈♣♣
♣.≈ . ♣♣♣


You could see a thorn hunter, a swamp dragon (paralysed) and a human.


Message History

You riposte.
You barely miss the swamp dragon.
The swamp dragon is moderately wounded.
The swamp dragon completely misses you. The swamp dragon tramples you!
* * * LOW HITPOINT WARNING * * *
You hold your ground!
The human hits you but does no damage.
The human is engulfed in poison gas.
The human looks as sick as possible!
The human closely misses you.
Unknown command.
Unknown command.
You hit the human. You burn the human.
You kill the human!
That felt strangely unrewarding.
You are engulfed in poison gas.
You are more poisoned.
* * * LOW HITPOINT WARNING * * *
* * * LOW HITPOINT WARNING * * *
You feel very sick.
The swamp dragon is no longer blind.
You focus your will and paralyse the swamp dragon in retribution!
A thorn hunter comes into view.
The human is engulfed in poison gas.
The human looks as sick as possible!
The human dies!
Unknown command.
You die...

Action                   |  1- 3 |  4- 6 |  7- 9 | 10-12 | 13-15 | 16-18 || total
-------------------------+-------+-------+-------+-------+-------+-------++-------
Melee: Dagger            |    94 |   228 |   552 |  1413 |  1136 |       ||  3423
       Morningstar       |       |       |       |    22 |       |       ||    22
       Scimitar          |       |       |       |       |   625 |  1066 ||  1691
       Unarmed           |       |       |       |       |       |    11 ||    11
Throw: Dart              |       |    10 |    12 |    25 |    20 |     1 ||    68
       Stone             |       |       |     1 |       |       |       ||     1
       Boomerang         |       |       |       |       |       |    11 ||    11
Invok: Sacrifice a Hand  |       |       |       |     1 |       |       ||     1
       Apocalypse        |       |       |       |     1 |    12 |     9 ||    22
       Sacrifice Love    |       |       |       |     1 |       |       ||     1
       Sacrifice Skill   |       |       |       |     1 |       |       ||     1
       Sacrifice Purity  |       |       |       |     1 |       |       ||     1
Evoke: Wand              |       |       |       |     6 |    36 |     4 ||    46
       Phial of floods   |       |       |       |       |       |     1 ||     1
  Use: Potion            |       |       |     2 |     3 |       |     1 ||     6
       Scroll            |       |       |       |    13 |     9 |     5 ||    27
 Stab: Sleeping          |     3 |    15 |    13 |    13 |     8 |     7 ||    59
       Invisible         |       |       |       |     5 |    17 |    10 ||    32
       Distracted        |       |       |       |    11 |     9 |     9 ||    29
       Paralysed         |       |       |       |     3 |    35 |    23 ||    61
  Eat: Ration            |     1 |     3 |     4 |    12 |    14 |     9 ||    43
Armor: Robe              |    13 |    38 |    15 |       |       |       ||    66
       Leather armour    |       |       |    75 |   167 |   194 |   140 ||   576
Dodge: Dodged            |    49 |   183 |   493 |  1481 |  1711 |   940 ||  4857
Block: Other             |       |       |   100 |     1 |       |       ||   101
       Reflection        |       |       |     3 |       |       |       ||     3
       Rpst.: Scimitar   |       |       |       |       |   164 |   189 ||   353

Levels and vault maps discovered:
D:1:      mrwooster_arrival_statue_2, layout_loops_ring
D:2:      layout_basic, lemuel_crystal_altar, first_ration, minmay_tetromino_s2,
          uniq_terence
D:3:      layout_basic
D:4:      layout_cave_pools, enter_ossuary_3, serial_shops, shop,
          nicolae_shop_behind_doors, kennysheep_mini_moat
D:5:      layout_loops_corners
D:6:      layout_loops_ring, nicolae_overflow_crystal_walls, serial_shops,
          nicolae_shop_stone, uniq_duvessa
D:7:      layout_rooms, minmay_temple_entry_slanted, grunt_ogre_cave
D:8:      layout_gridville, ebering_ghost_inner_flame
D:9:      layout_layer_cave, gammafunk_temple_overflow_wave,
          david_lair_shrubbed, serial_shops, shop_statue, shop_statue, shop,
          nicolae_shop_trees, nicolae_shop_statue_plus
D:10:     layout_grid_maze, gammafunk_ghost_hydra_chop
D:11:     layout_basic, kennysheep_orc_monster_closet_entryway
D:12:     layout_basic, uniq_nessos, uniq_frances
D:13:     layout_loops_corners, ximxim_vaults_locker_room, basic_altar,
          serial_rivers, chequers_serial_rivers_room_b,
          chequers_serial_rivers_micro_c, chequers_serial_rivers_small_a,
          chequers_serial_rivers_micro_c, chequers_serial_rivers_micro_c,
          chequers_serial_rivers_micro_b
D:14:     layout_basic, muffindrake_ghost_dual_entry,
          nicolae_ru_the_path_less_chosen, portal_ice_cave_entry_ice_beasts
D:15:     gammafunk_depths_entry_grave, layout_long_grid, hex_tiny, uniq_agnes
Temple:   dpeg_five_rooms_temple
Lair:1:   layout_hall_layers
Lair:2:   layout_regular_city
Lair:3:   layout_chaotic_city, minmay_swamp_entry_swarm, spider_nest_entry_webs,
          zaba_anthell, serial_bayou_shore_a, grunt_megastairs_4
Lair:4:   layout_misc_corridors, basic_altar, nicolae_volcano_entry_lava_flow,
          minmay_lair_oklob_chamber, infiniplex_staircase_pool_2
Lair:5:   layout_misc_corridors, serial_bayou_shore_b, uniq_rupert
Lair:6:   evilmike_catoblepas_cave, layout_regular_city, slime_altar_2,
          uniq_josephine
Swamp:1:  layout_basic_swamp, nicolae_swamp_very_dense_foliage,
          infiniplex_staircase_pool, uniq_kirke
Orc:1:    nicolae_orc_accident_3, layout_caves
Orc:2:    kennysheep_orc_mage_school, layout_caves, mines3_lemuel
Depths:1: layout_cave_pools, grunt_hell_horde, dk_noncrumbling_3,
          grunt_ministairs_2, hangedman_corner_corridor

Notes
Turn   | Place    | Note
-------+----------+-------------------------------------------
     0 | D:1      | sanka the Halfling Brigand began the quest for the Orb.
     0 | D:1      | Reached XP level 1. HP: 14/14 MP: 1/1
   169 | D:1      | Reached XP level 2. HP: 4/19 MP: 2/2
   477 | D:1      | Reached skill level 2 in Fighting
   756 | D:1      | Reached XP level 3. HP: 24/24 MP: 3/3
  1252 | D:2      | Reached skill level 3 in Short Blades
  1716 | D:1      | Reached skill level 3 in Throwing
  1716 | D:1      | Reached skill level 2 in Dodging
  1716 | D:1      | Reached skill level 5 in Stealth
  1716 | D:1      | Reached XP level 4. HP: 29/29 MP: 4/4
  1850 | D:2      | Reached XP level 5. HP: 19/34 MP: 5/5
  2485 | D:2      | Found a white marble altar of Elyvilon.
  2498 | D:2      | Reached skill level 4 in Throwing
  3070 | D:2      | Reached XP level 6. HP: 35/39 MP: 6/6
  3162 | D:2      | Reached skill level 5 in Throwing
  3193 | D:2      | Noticed Terence
  3231 | D:2      | Killed Terence
  4540 | D:4      | Found Corghy Qatze's Book Shop.
  4669 | D:4      | Reached skill level 3 in Dodging
  4743 | D:4      | Reached XP level 7. HP: 42/45 MP: 7/7
  4917 | D:4      | Found a sand-covered staircase.
  4990 | D:4      | Found Feixoozxo's General Store.
  5158 | D:4      | Reached skill level 4 in Dodging
  5460 | D:4      | Found Ypretaym's Assorted Antiques.
  5586 | D:5      | Entered Level 5 of the Dungeon
  5966 | D:5      | Reached skill level 6 in Throwing
  6500 | D:6      | Reached skill level 5 in Dodging
  6656 | D:6      | Reached skill level 6 in Dodging
  6656 | D:6      | Reached XP level 8. HP: 13/50 MP: 8/8
  6676 | D:6      | HP: 3/50 [hound (6)]
  6688 | D:6      | HP: 3/50 [hound (2)]
  7111 | D:6      | HP: 2/50 [ogre/+0 giant club (22)]
  7120 | D:6      | Reached skill level 7 in Dodging
  7468 | D:6      | Found a hazy altar of Hepliaklqana.
  7479 | D:6      | Found Qaymirio's Food Emporium.
  7480 | D:6      | Noticed Duvessa
  7480 | D:6      | Noticed Dowan
  7507 | D:6      | Killed Duvessa
  7507 | D:6      | Killed Dowan
  7507 | D:6      | Reached skill level 8 in Dodging
  8073 | D:6      | Reached skill level 9 in Dodging
  8163 | D:7      | Reached XP level 9. HP: 54/54 MP: 9/9
  8424 | D:7      | Found a staircase to the Ecumenical Temple.
  8438 | Temple   | Entered the Ecumenical Temple
  8658 | Temple   | Became a worshipper of Ru the Awakened
  8751 | D:7      | Reached skill level 10 in Dodging
  9030 | D:7      | Reached skill level 11 in Dodging
  9854 | D:8      | Reached skill level 12 in Dodging
  9907 | D:7      | Reached XP level 10. HP: 20/60 MP: 10/10
 10503 | D:8      | Gained mutation: You are missing a hand. [Ru sacrifice]
 10503 | D:8      | Reached * piety under Ru
 10503 | D:8      | Reached ** piety under Ru
 10631 | D:8      | Found a runed translucent door.
 10633 | D:8      | Noticed jlcercos's ghost (novice SpCj)
 10672 | D:8      | Killed jlcercos's ghost
 10672 | D:8      | Reached skill level 3 in Fighting
 11169 | D:9      | Reached skill level 13 in Dodging
 11456 | D:9      | Found Dumeb's Book Shop.
 11482 | D:9      | Found Jeipesas's Book Shoppe.
 11589 | D:9      | Noticed a manticore
 11618 | D:9      | Killed a manticore
 11844 | D:9      | Found a staircase to the Lair.
 11845 | D:9      | Noticed a komodo dragon
 12034 | D:9      | Found Liavuapa's Food Boutique.
 12043 | D:9      | Killed a komodo dragon
 12043 | D:9      | Reached skill level 4 in Fighting
 12754 | D:8      | Reached skill level 14 in Dodging
 13078 | D:9      | Reached XP level 11. HP: 61/70 MP: 9/11
 13146 | D:9      | Found Divephuy's Food Shop.
 13152 | D:9      | Found Ijanlajo's Jewellery Boutique.
 13349 | D:9      | Reached skill level 5 in Fighting
 13524 | D:9      | Found a glowing silver altar of Zin.
 13524 | D:9      | Found a basalt altar of Yredelemnul.
 13615 | D:9      | Gained mutation: You are hated by all. [Ru sacrifice]
 13615 | D:9      | Reached *** piety under Ru
 13615 | D:9      | Reached **** piety under Ru
 13959 | D:10     | Entered Level 10 of the Dungeon
 13971 | D:10     | Found a runed translucent gate.
 13971 | D:10     | Found a runed translucent gate.
 13971 | D:10     | Found a runed translucent gate.
 13971 | D:10     | Noticed vogonpoet's ghost (novice DrTm)
 13973 | D:10     | Noticed a 12-headed hydra
 15466 | D:10     | Reached skill level 6 in Fighting
 15827 | D:11     | Reached skill level 15 in Dodging
 15829 | D:11     | Noticed a manticore
 15845 | D:11     | Killed a manticore
 16028 | D:11     | Got a diamond-encrusted plate armour
 16039 | D:11     | Identified the +1 plate armour of Gallantry {rC+ rN+ Int-2
                  | Dex+3} (You found it on level 11 of the Dungeon)
 16070 | D:11     | Found a staircase to the Orcish Mines.
 16701 | D:11     | Reached skill level 7 in Fighting
 16741 | D:11     | Paralysed by a hornet for 1 turns
 16874 | D:11     | Gained mutation: You are somewhat unskilled. (-1 Apt) [Ru
                  | sacrifice]
 16874 | D:11     | Reduced skill Fighting to level 6
 16874 | D:11     | Reduced skill Short Blades to level 2
 16874 | D:11     | Reduced skill Throwing to level 5
 16874 | D:11     | Reduced skill Dodging to level 13
 16874 | D:11     | Reduced skill Stealth to level 4
 16874 | D:11     | Reached ***** piety under Ru
 17113 | D:11     | Identified +0 acid dragon scales
 17244 | D:11     | Reached skill level 14 in Dodging
 17378 | D:11     | Found the +7 Kryia's mail coat {PotionHeal*2 rC+}
 17540 | D:11     | Noticed a green ugly thing
 17547 | D:11     | Killed a green ugly thing
 17547 | D:11     | Reached skill level 7 in Fighting
 17687 | D:11     | Noticed a two-headed ogre
 17719 | D:11     | Killed a two-headed ogre
 17719 | D:11     | Reached XP level 12. HP: 66/81 MP: 8/12
 18438 | Lair:1   | Entered Level 1 of the Lair of Beasts
 19824 | Lair:2   | Gained mutation: You are clumsy. (Dex -2) [Ru sacrifice]
 19824 | Lair:2   | Reached ****** piety under Ru
 19944 | Lair:2   | Identified the Collected Works on Congealing Hexes
 20183 | Lair:2   | Reached skill level 8 in Fighting
 20976 | Lair:3   | Noticed a four-headed hydra
 20982 | Lair:3   | Killed a four-headed hydra
 21187 | Lair:3   | Reached skill level 15 in Dodging
 21690 | Lair:3   | Reached skill level 9 in Fighting
 22021 | Lair:3   | HP: 4/85 [cane toad (18)]
 22834 | Lair:3   | Found a hole to the Spider Nest.
 22886 | Lair:3   | Reached skill level 10 in Fighting
 23179 | Lair:3   | Reached XP level 13. HP: 85/92 MP: 13/13
 24386 | Lair:4   | HP: 4/94 [yak (11)]
 24389 | Lair:4   | Found a hide-covered altar of Uskayaw.
 24391 | Lair:4   | HP: 4/94 [poisoned by a water moccasin]
 24393 | Lair:4   | Reached skill level 11 in Fighting
 24399 | Lair:4   | HP: 4/95 [poisoned by a water moccasin]
 24467 | Lair:4   | HP: 5/95 [crocodile (7)]
 24481 | Lair:4   | Found a dark tunnel.
 24496 | Volcano  | Entered a volcano
 25521 | Volcano  | Found a bloodstained altar of Trog.
 25598 | Volcano  | Noticed a red draconian
 25610 | Volcano  | Killed a red draconian
 25750 | Volcano  | Reached skill level 12 in Fighting
 26959 | Lair:4   | Reached skill level 1 in Long Blades
 27320 | Lair:3   | Reached skill level 2 in Long Blades
 27345 | Lair:3   | Reached skill level 5 in Stealth
 28333 | Lair:4   | Identified quicksilver dragon scales (You found it on level
                  | 4 of the Lair of Beasts)
 28446 | Lair:3   | Reached skill level 6 in Throwing
 28697 | Lair:3   | Reached skill level 3 in Long Blades
 28893 | Lair:3   | Found a staircase to the Swamp.
 28963 | Lair:3   | Reached XP level 14. HP: 73/104 MP: 9/14
 29791 | Lair:5   | Identified the Grimoire of Evil and Arcane Weapons
 30088 | Lair:5   | Noticed Rupert
 30129 | Lair:5   | Killed Rupert
 30129 | Lair:5   | Reached skill level 4 in Long Blades
 30703 | Lair:6   | Entered Level 6 of the Lair of Beasts
 30926 | Lair:6   | Reached skill level 5 in Long Blades
 30933 | Lair:6   | Noticed Josephine
 30964 | Lair:6   | Killed Josephine
 30985 | Lair:5   | Reached skill level 13 in Fighting
 31196 | Lair:6   | Reached skill level 6 in Long Blades
 31594 | Lair:6   | Found a runed translucent door.
 31595 | Lair:6   | Found a viscous altar of Jiyva.
 32088 | Lair:6   | Found a staircase to the Slime Pits.
 32694 | Lair:6   | Reached skill level 7 in Long Blades
 33411 | Lair:6   | Reached XP level 15. HP: 69/112 MP: 5/15
 33652 | Lair:6   | Reached skill level 8 in Long Blades
 34120 | Orc:1    | Entered Level 1 of the Orcish Mines
 34209 | Orc:1    | Reached skill level 14 in Fighting
 34888 | Orc:1    | Reached skill level 9 in Long Blades
 35277 | Orc:2    | Entered Level 2 of the Orcish Mines
 35457 | Orc:2    | Found a staircase to the Elven Halls.
 36835 | Orc:2    | Paralysed by an orc sorcerer for 4 turns
 36946 | Orc:2    | Found Loar's Distillery.
 36974 | Orc:2    | Noticed Nergalle
 37173 | Orc:2    | Killed Nergalle
 37266 | Orc:2    | Found an ancient bone altar of Kikubaaqudgha.
 37279 | Orc:2    | Found Kubruo's Antique Weapon Boutique.
 37326 | Orc:2    | Reached skill level 10 in Long Blades
 37332 | Orc:2    | Found a radiant altar of Vehumet.
 37502 | Orc:2    | Found a roughly hewn altar of Beogh.
 37524 | Orc:2    | Found Tuxyst's Book Shop.
 37605 | Orc:2    | Found Munwos's Distillery.
 37790 | D:9      | Bought a +4 ring of slaying for 1248 gold pieces
 37901 | Orc:2    | Bought a potion of heal wounds for 60 gold pieces
 37901 | Orc:2    | Bought a potion of heal wounds for 60 gold pieces
 37901 | Orc:2    | Bought a potion of might for 48 gold pieces
 37901 | Orc:2    | Bought a potion of might for 48 gold pieces
 37901 | Orc:2    | Bought a potion of haste for 120 gold pieces
 37919 | Orc:2    | Bought a potion of cancellation for 136 gold pieces
 37919 | Orc:2    | Bought a potion of heal wounds for 85 gold pieces
 37919 | Orc:2    | Bought a potion of haste for 170 gold pieces
 37919 | Orc:2    | Bought a potion of might for 68 gold pieces
 38150 | D:12     | Got a dazzling long sword
 38151 | D:12     | Identified the cursed +1 long sword of Famine {drain, rN+
                  | Int+3 Dex+6} (You found it on level 12 of the Dungeon)
 38314 | D:12     | Noticed Frances
 38326 | D:12     | Killed Frances
 38777 | D:12     | Noticed Nessos
 38791 | D:12     | Killed Nessos
 39992 | D:13     | Reached XP level 16. HP: 102/120 MP: 12/16
 40074 | D:13     | Found a shattered altar of Ashenzari.
 40382 | D:13     | Reached skill level 15 in Fighting
 40765 | D:13     | Identified a +2 robe of the Archmagi
 40875 | D:13     | Reached skill level 11 in Long Blades
 41367 | D:13     | Identified the +8 plate armour "Cyudy" {Int+3}
 41500 | D:13     | Found a gate to the Vaults.
 42130 | D:14     | Reached skill level 12 in Long Blades
 42160 | D:14     | Found a frozen archway.
 42188 | D:14     | Found a runed translucent door.
 42403 | IceCv    | Entered an ice cave
 43141 | IceCv    | Noticed a frost giant
 43149 | IceCv    | Reached skill level 13 in Long Blades
 43157 | IceCv    | Killed a frost giant
 44093 | D:14     | Noticed Otoukem's ghost (journeyman MiBe)
 44846 | D:14     | Noticed a sphinx
 44864 | D:14     | Found a runed translucent door.
 44866 | D:14     | Noticed a lich
 44980 | D:14     | Found a sacrificial altar of Ru.
 45135 | D:15     | Entered Level 15 of the Dungeon
 45159 | D:15     | Found a staircase to the Depths.
 45240 | D:15     | Reached XP level 17. HP: 76/127 MP: 13/17
 45605 | D:15     | Reached skill level 1 in Armour
 45679 | D:15     | Reached skill level 2 in Armour
 45686 | D:15     | Identified +0 acid dragon scales
 45802 | D:15     | Reached skill level 3 in Armour
 46578 | D:15     | Noticed Agnes
 46586 | D:15     | Killed Agnes
 46586 | D:15     | Reached skill level 4 in Armour
 47103 | Depths:1 | Entered Level 1 of the Depths
 47412 | D:15     | Reached skill level 5 in Armour
 47567 | D:15     | Reached skill level 6 in Armour
 48292 | Depths:1 | Reached skill level 7 in Armour
 48394 | Depths:1 | Reached skill level 8 in Armour
 49840 | D:15     | Reached skill level 9 in Armour
 50345 | Swamp:1  | Entered Level 1 of the Swamp
 50362 | Swamp:1  | Noticed Kirke
 50381 | Swamp:1  | Killed Kirke
 50386 | Swamp:1  | HP: 6/127 [swamp dragon] (9)]
 50386 | Swamp:1  | Noticed a thorn hunter
 50387 | Swamp:1  | Succumbed to a swamp dragon's poison gas

Vanquished Creatures
  Rupert (Lair:5)
  Frances (D:12)
  Kirke (Swamp:1)
  Agnes (D:15)
  A frost giant (IceCv)
  A caustic shrike zombie (D:15)
  4 very ugly things (Depths:1)
  A red draconian (Volcano)
  Nessos (D:12)
  Josephine (Lair:6)
  2 vault guards (D:13)
  6 hydras
  12 two-headed ogres
  2 catoblepae (Lair:6)
  A deep troll shaman (Depths:1)
  A tengu warrior (Depths:1)
  A queen ant (Lair:3)
  A vampire mage (D:15)
  A deep troll earth mage (Depths:1)
  5 ogre magi
  6 death yaks
  Nergalle (Orc:2)
  An orc high priest (Orc:1)
  A salamander mystic (Volcano)
  9 skeletal warriors
  2 iron trolls (D:15)
  3 unseen horrors
  3 deep trolls
  A glowing orange brain (Depths:1)
  The ghost of jlcercos the Thaumaturge, a novice SpCj of Makhleb (D:8)
  2 orc knights (Orc:2)
  A necromancer (D:15)
  A shadow dragon skeleton (D:15)
  6 oklob plants
  2 cyclopes
  A stone giant zombie (D:15)
  14 ugly things
  4 salamanders (Volcano)
  10 orc sorcerers
  5 manticores
  13 elephants
  An ice statue (IceCv)
  A black mamba (Lair:3)
  2 molten gargoyles (Volcano)
  A gargoyle (D:14)
  8 cane toads
  10 yaktaurs
  2 rime drakes
  8 komodo dragons
  A yaktaur (shapeshifter) (D:14)
  12 trolls
  A wind drake (shapeshifter) (D:14)
  A wolf spider simulacrum (D:15)
  10 polar bears (IceCv)
  A tyrant leech (Swamp:1)
  4 hornets
  6 slime creatures (D:14)
  19 blink frogs
  6 hippogriffs
  A fire dragon zombie (D:15)
  A meliai zombie (D:13)
  A centaur simulacrum (D:15)
  A redback (Lair:3)
  2 wyverns
  5 shadows
  4 wraiths (Lair:6)
  2 basilisks
  2 water elementals (D:12)
  89 yaks
  A vampire (D:13)
  A fire bat (Volcano)
  9 humans
  7 vampire mosquitoes
  11 soldier ants
  2 wargs (Orc:1)
  4 acid dragons
  4 porcupines
  8 water moccasins
  Duvessa (D:6)
  11 ice beasts
  5 sky beasts
  30 orc warriors
  2 eyes of draining
  A black bear (D:12)
  A necrophage (D:13)
  27 wolves
  7 centaurs
  17 ogres
  9 crocodiles
  4 big kobolds
  12 bullfrogs
  Dowan (D:6)
  3 gnoll sergeants
  2 wyvern skeletons
  A water moccasin skeleton (D:8)
  5 scorpions
  11 killer bees
  20 wights
  A howler monkey (D:13)
  6 electric eels
  4 centaur zombies
  6 lava snakes (Volcano)
  A quasit (D:9)
  7 hounds
  2 jellies (D:12)
  16 orc priests
  8 centaur skeletons
  30 orc wizards
  3 bullfrog skeletons
  Terence (D:2)
  A gnoll shaman (D:4)
  An iguana (D:12)
  44 worker ants
  A killer bee zombie (D:9)
  A hound zombie (D:7)
  A hound skeleton (D:5)
  A worker ant zombie (D:7)
  17 adders
  22 gnolls
  2 shadow imps
  3 white imps
  2 ufetubi
  An ooze (D:2)
  An adder zombie (D:8)
  2 worms
  A dart slug (D:2)
  2 leopard geckos
  103 orcs
  7 giant cockroaches
  9 goblins
  7 hobgoblins
  22 jackals
  7 quokkas
  3 ball pythons
  5 bats
  8 frilled lizards
  2 jackal zombies (D:4)
  23 kobolds
  7 rats
  A rat zombie (D:4)
  8 fungi
  17 plants
968 creatures vanquished.

Vanquished Creatures (others)
  A vault guard (D:13)
  A catoblepas (Lair:6)
  A centaur warrior (D:13)
  A death yak (Lair:6)
  2 skeletal warriors
  A centaur zombie (D:13)
  An elephant (Lair:6)
  A komodo dragon (Lair:6)
  A polar bear (IceCv)
  2 blink frogs
  3 yaks
  2 humans
  A porcupine (Lair:3)
  An orc warrior (D:11)
  An ogre (Depths:1)
  2 wolves (IceCv)
  A crocodile (Lair:1)
  3 orc priests
  An orc wizard (Orc:2)
  A gnoll (D:9)
  6 orcs
  A kobold (D:13)
  12 fungi
  21 plants
68 creatures vanquished.

Grand Total: 1036 creatures vanquished
